 Dungeon Crawl Stone Soup version 0.24.0-37-gcf1ca852f1 (webtiles) character file.

Game seed: 11152399197051775885, levelgen mode: deterministic

32 McKennaii the Ducker (level 3, 0/19 HPs)
             Began as a Spriggan Fighter on Nov 30, 2019.
             Killed from afar by an orc wizard (6 damage)
             ... with a puff of flame
             ... on level 3 of the Dungeon.
             The game lasted 00:01:30 (501 turns).

McKennaii the Ducker (Spriggan Fighter)              Turns: 501, Time: 00:01:30

Health: 0/19       AC:  2    Str: 13    XL:     3   Next: 10%
Magic:  13/13      EV: 19    Int:  9    God:
Gold:   0          SH:  6    Dex: 15    Spells: 2/2 levels left

rFire    . . .     SeeInvis +   a - +0 war axe
rCold    . . .     Gourm    .   c - +0 buckler
rNeg     . . .     Faith    .   b - +0 robe
rPois    .         Spirit   .   (helmet restricted)
rElec    .         Reflect  .   (no cloak)
rCorr    .         Harm     .   (gloves unavailable)
MR       .....                  (boots unavailable)
Stlth    ..........             (no amulet)
HPRegen  0.06/turn              g - ring of attention (curse)
MPRegen  0.13/turn              h - ring of magical power

@: very quick
A: very small, unfitting armour, see invisible, herbivore, speed 3, slow
metabolism 2
a: no special abilities


You were on level 3 of the Dungeon.
You were not hungry.

You visited 1 branch of the dungeon, and saw 3 of its levels.

Inventory:

Hand Weapons
 a - a +0 war axe (weapon)
Armour
 b - a +0 robe (worn)
 c - a +0 buckler (worn)
Jewellery
 g - a cursed ring of attention (left hand)
 h - a ring of magical power (right hand)
Potions
 d - a potion of might
 e - a potion of degeneration {unknown}
Comestibles
 f - 2 rations


   Skills:
 + Level 2.7 Fighting
 + Level 2.0 Axes
 + Level 4.9 Dodging
 + Level 2.4 Shields


You had 2 spell levels left.
You didn't know any spells.
Your spell library was empty.

Dungeon Overview and Level Annotations

Branches:
Dungeon (3/15)

Altars:
Ashenzari


Innate Abilities, Weirdness & Mutations

You are very small and have problems with some larger weapons.
You are too small for most types of armour.
You have supernaturally acute eyesight. (SInv)
You are a herbivore.
You cover ground extremely quickly.
You need to consume almost no food.


Message History

The orc wizard flickers and vanishes for a moment.
You block the giant cockroach's attack.
You completely miss the giant cockroach.
The giant cockroach is heavily wounded.
The giant cockroach bites you.
You hit the giant cockroach but do no damage.
The giant cockroach is heavily wounded.
The giant cockroach barely misses you. The giant cockroach bites you.
You hit the giant cockroach.
The giant cockroach is almost dead.
The giant cockroach completely misses you.
The giant cockroach closely misses you.
You hit the giant cockroach but do no damage.
The giant cockroach is almost dead.
The giant cockroach closely misses you. You block the giant cockroach's attack.
You hit the giant cockroach.
You kill the giant cockroach!
The orc wizard gestures at you while chanting.
The puff of flame hits you.
You die...

#.#....# ####.#
#.# # #.#
####.##.####...
..g............
#######.####...
#######†####.#
.......†@.oo.#
######.####.....
#. ... ## .


You could see an orc wizard (invisible) and an orc.

Vanquished Creatures
  An adder (D:2)
  4 bats
  A giant cockroach (D:3)
  5 goblins
  3 hobgoblins
  3 jackals (D:1)
  A kobold (D:3)
  A frilled lizard (D:1)
  3 rats
22 creatures vanquished.

Notes
Turn   | Place    | Note
-------+----------+-------------------------------------------
     0 | D:1      | McKennaii the Spriggan Fighter began the quest for the Orb.
     0 | D:1      | Reached XP level 1. HP: 11/11 MP: 2/2
   267 | D:1      | Reached XP level 2. HP: 7/16 MP: 3/3
   439 | D:2      | Found a shattered altar of Ashenzari.
   442 | D:2      | Reached XP level 3. HP: 7/19 MP: 4/4
   501 | D:3      | Killed from afar by an orc wizard

Levels and vault maps discovered:
D:1:      lightli_arrival_quake, layout_loops_ring
D:2:      layout_basic, minmay_overflow_temple_star_quad,
          evilmike_ruin_ashenzari, first_ration
D:3:      layout_basic, portal_sewer_entry_f, serial_glass, glass_columns_c,
          glass_columns_a

Skill      XL: |  1  2 |
---------------+-------+-----
Axes           | 2 |  2.0
Fighting       | |  2.7
Dodging        | |  4.9
Shields        | |  2.4

Action                   || total
-------------------------++-------
Melee: War axe           ||    53
Armor: Robe              ||    11
Dodge: Dodged            ||    79
Block: Buckler           ||    36
